Unix NetHack Version 3.7.0-62 Work-in-progress - last build Aug 7 2022 14:32:34 (f254b98e4f4e6c2f4e816e90bd3419c5233a8e5f,branch:master). Game began 2022-08-08 20:48:22, ended 2022-08-08 22:49:14. Moult, chaotic male elven Ranger --------- # # 0 |.......| # # # |........###################[###############-...%------ |......<| ################ 0 # #..........| |.......|######## ----------.-- # # ###....^[....| ---|-----# |C.........C|####0### #|..[......| ####### |.....C.....|# 0# |.........| |...-----...|# # ---.-----.-## |...|.{.|...|# ##)########## ----- |..C.{.{|C..-############(#)####j#u#d#[#->..| |...|.{.|...|# ## |...| |...-----...|# ------------ ### ....| ------- |.....C.....|# |..........| # |...| |....^.#############%######|C.........C|# ###-..........|#### +...| |.....| #-------------# ##### |....[......# |...| |......##################################### ------------ ----- ------- Moult the Trailblazer St:15 Dx:10 Co:16 In:16 Wi:13 Ch:7 Chaotic S:8445 Dlvl:9 $:639 HP:0(57) Pw:47(47) AC:8 Xp:8/1829 T:9493 Latest messages: What do you want to ready? [- $acdgALPSX or ?*] c c - 21 +2 elven arrows (in quiver). In what direction? h The elven arrow hits the rust monster! The rust monster touches you! The rust monster touches you! The rust monster touches you! The rust monster touches you! In what direction? h You shoot 3 elven arrows. The 1st elven arrow hits the rust monster! The 2nd elven arrow hits the rust monster! You kill the rust monster! The 3rd elven arrow hits it. c - 2 +2 elven arrows (in quiver) (19 in total). q - 3 cursed rusty daggers. l - a cursed dagger. You see here a rust monster corpse. The dog eats a rust monster corpse. In what direction? h You shoot 4 elven arrows. The 1st elven arrow hits the ettin mummy! The 2nd elven arrow hits the ettin mummy! The 3rd elven arrow hits the ettin mummy! You destroy the ettin mummy! The 4th elven arrow hits it. c - 3 +2 elven arrows (in quiver) (18 in total). c - a +2 elven arrow (in quiver) (19 in total). q - a cursed rusty dagger (4 in total). What do you want to ready? [- $acdglqALPSX or ?*] q q - 4 cursed rusty daggers (at the ready). In what direction? h You throw 2 daggers. The ochre jelly engulfs you! You are covered in slime! It burns! In what direction? l You throw 2 daggers. The 1st dagger hits the ochre jelly. The 2nd dagger hits the ochre jelly. You are covered in slime! It burns! You get expelled! You begin bashing monsters with your elven bow. You hit the ochre jelly. You are splashed by the ochre jelly's acid! You die... Do you want your possessions identified? y Do you want to see your attributes? y Do you want an account of creatures vanquished? y Do you want to see your conduct and achievements? y Do you want to see the dungeon overview? y Major events: Turn 1: Moult the chaotic male elven Ranger entered the dungeon 1529: entered the Gnomish Mines 2117: attained the rank of Lookout (level 3) 4691: attained the rank of Trailblazer (level 6) 6985: chose an elven dagger to be named "Sting" 7077: reached Mine Town 9493: killed by an ochre jelly Inventory: Weapons S - 44 +1 arrows P - 16 +0 arrows c - 19 +2 elven arrows d - 28 +0 elven arrows b - a +1 elven bow (weapon in hand) g - 9 +0 daggers l - a cursed -1 dagger X - 2 +0 elven daggers A - a +1 orcish dagger L - 4 +0 orcish daggers a - the +1 Sting (alternate weapon; not wielded) Armor B - an uncursed thoroughly rusty +0 orcish helm (being worn) p - an uncursed +0 pair of leather gloves (being worn) V - a cursed -1 pair of high boots named cursed N - an uncursed +0 pair of iron shoes C - an uncursed +0 pair of jumping boots j - a blessed thoroughly rusty +1 pair of kicking boots (being worn) e - an uncursed +2 elven cloak Y - a blessed +3 mummy wrapping named tele Comestibles i - an uncursed K-ration f - 2 uncursed lembas wafers Q - an uncursed tripe ration k - 2 cursed tripe rations Scrolls O - an uncursed scroll of light Wands R - a wand of cancellation (0:5) h - a wand of create monster (0:9) m - a wand of digging (0:7) x - a wand of light (0:7) v - a wand of polymorph (0:4) W - a wand of striking (0:0) Tools I - an uncursed leather drum z - an uncursed magic whistle M - a +0 pick-axe F - an uncursed skeleton key t - an uncursed towel U - a +0 unicorn horn Moult the Ranger's attributes: Background: You were a Trailblazer, a level 8 male elven Ranger. You were chaotic, on a mission for Mars who was opposed by Mercury (lawful) and Venus (neutral). You were in the Dungeons of Doom, on level 9. You entered the dungeon 9493 turns ago. It was nighttime. You had 1829 experience points, 731 more were needed to attain level 9. Your score was 8445 before end-of-game adjustments. Basics: You had 0 out of 57 hit points. You had all 47 energy points (spell power). Your armor class was 8. Your wallet contained 639 zorkmids. Autopickup was on for '_' plus thrown, with exceptions. Final Characteristics: Your strength was 15 (limit:18). Your dexterity was 10 (limit:18). Your constitution was 16 (limit:16). Your intelligence was 16 (limit:20). Your wisdom was 13 (limit:20). Your charisma was 7 (limit:18). Final Status: You were not hungry. You were unencumbered. You were wielding a bow. You were skilled in bow. Final Attributes: You were piously aligned. You were sleep resistant. You were telepathic. You had automatic searching. You had infravision. You were invisible. You were stealthy. You are dead. Miscellaneous: You never encountered a bones level. Total elapsed playing time was 1 hour, 36 minutes and 17 seconds. Vanquished creatures: 2 small mimics an ettin mummy a large dog a soldier a quivering blob 2 wolves a leprechaun a gnome ruler an orc mummy a rust monster a yeti a gold golem a dog a jaguar a dwarf leader a blue jelly a white unicorn 2 ravens 2 snakes 2 human zombies 2 rope golems a Woodland-elf 3 water nymphs 2 mountain nymphs 2 rock piercers a fog cloud a yellow light 7 gnome leaders 4 gnomish wizards 2 kobold mummies an elf zombie a straw golem 7 floating eyes 8 dwarves a homunculus a kobold leader a rothe a centipede a giant bat 5 monkeys a werejackal 3 iguanas 4 killer bees 2 acid blobs 4 coyotes 6 hobbits 2 manes a large kobold 4 hobgoblins 4 giant rats 4 cave spiders a red mold 35 gnomes 3 garter snakes 3 gnome zombies 7 geckos 12 jackals 5 foxes 6 goblins a sewer rat 12 grid bugs 7 bats 5 lichens a kobold zombie 17 newts 227 creatures vanquished. No species were genocided or became extinct. Voluntary challenges: You read items or engraved 15 times. You engraved Elbereth 9 times. You never genocided any monsters. You never polymorphed an object. You never changed form. You used no wishes. Achievements: You entered a shop. You entered the Gnomish Mines. You attained the rank of Lookout. You attained the rank of Trailblazer. You entered Minetown. You entered a temple. The Dungeons of Doom: levels 1 to 10 Level 1: "vault" Level 2: A wand shop. Stairs down to The Gnomish Mines. Level 3: An altar, a fountain. Level 4: "stash top" Level 5: A general store, a fountain. Level 6: Level 7: Some fountains. Level 8: An altar to Mars. Level 9: <- You were here. Many fountains. Oracle of Delphi. Final resting place for you, killed by an ochre jelly. Level 10: The Gnomish Mines: levels 3 to 7 Level 3: Level 4: Level 5: Level 6: Many shops, a temple, a fountain. Level 7: Game over: ---------- / \ / REST \ / IN \ / PEACE \ / \ | Moult | | 639 Au | | killed by an | | ochre jelly | | | | | | 2022 | *| * * * | * _________)/\\_//(\/(/\)/\//\/|_)_______ Goodbye Moult the Ranger... You died in The Dungeons of Doom on dungeon level 9 with 8382 points, and 639 pieces of gold, after 9493 moves. You were level 8 with a maximum of 57 hit points when you died.